 Dungeon Crawl Stone Soup version 0.29.1-2-gbd0b4ee654 (webtiles) character file.

Game seed: 9033190554059885292

2564 croobank the Caller (level 9, -5/61 HPs)
             Began as an Octopode Summoner on Nov 18, 2022.
             Killed from afar by Joseph (18 damage)
             ... with an iceblast
             ... on level 7 of the Dungeon on Nov 19, 2022.
             The game lasted 00:29:09 (8758 turns).

croobank the Caller (Octopode Summoner)             Turns: 8758, Time: 00:29:09

Health: -5/61      AC:  1    Str:  8    XL:     9   Next: 57%
Magic:  4/16       EV: 15    Int: 21    God:
Gold:   390        SH:  0    Dex: 12    Spells: 5/18 levels left

rFire   . . .      SeeInvis .   A - +4 dagger (holy)
rCold   . . .      Faith    .   (no shield)
rNeg    . . .      Spirit   .   (helmet restricted)
rPois   .          Reflect  .   o - amulet of the acrobat
rElec   .          Harm     .   (no ring)
rCorr   .          Rampage  .   (no ring)
Will    .....                   (no ring)
Stlth   ++++......              (no ring)
HPRegen 0.20/turn               (no ring)
MPRegen 0.15/turn               (no ring)
                                (no ring)
                                (no ring)

@: very slightly contaminated
A: almost no armour, amphibious, 8 rings, camouflage 1, gelatinous body 1,
(nimble swimmer 1), tentacles
a: no special abilities


You were on level 7 of the Dungeon.
You visited 1 branch of the dungeon, and saw 7 of its levels.

You collected 390 gold pieces.

Inventory:

Hand Weapons
 a - a +2 scimitar
 c - a +0 dagger
 k - a +0 vorpal hand axe
 p - a +0 long sword
 A - a +4 dagger of holy wrath (weapon)
 B - a +3 morningstar
Missiles
 b - 2 datura-tipped darts (quivered)
 d - 12 poisoned darts
 e - 2 atropa-tipped darts
Magical Staves
 v - a staff of death
Jewellery
 o - an amulet of the acrobat (around mantle)
Wands
 r - a wand of mindburst (10)
 x - a wand of iceblast (9)
Scrolls
 g - 3 scrolls of teleportation
 h - 3 scrolls of enchant armour
 q - a scroll of amnesia {unknown}
 s - a scroll of torment {unknown}
 t - 2 scrolls of enchant weapon {unknown}
 u - a scroll of silence
 w - 2 scrolls of identify
 y - a scroll of immolation
Potions
 f - a potion of cancellation
 i - a potion of might {unknown}
 j - 3 potions of curing
 l - a potion of berserk rage {unknown}
 m - a potion of degeneration {unknown}
 n - 2 potions of resistance {unknown}
 z - 3 potions of attraction {unknown}
 C - a potion of haste


   Skills:
 + Level 5.1 Fighting
 + Level 5.6 Dodging
 - Level 5.0 Stealth
 + Level 5.2 Spellcasting
 + Level 4.8 Hexes
 + Level 6.7 Summonings
 + Level 3.1 Air Magic


You had 5 spell levels left.
You knew the following spells:

 Your Spells              Type           Power      Damage    Failure   Level
a - Summon Small Mammal   Summ           100%       N/A       1%          1
b - Call Imp              Summ           34%        N/A       1%          2
c - Call Canine Familiar  Summ           34%        N/A       1%          3
d - Summon Guardian Gole  Hex/Summ       29%        N/A       3%          3
e - Summon Lightning Spi  Summ/Air       26%        N/A       14%         4

Your spell library contained the following spells:

 Spells                   Type           Power      Damage    Failure   Level
 Beastly Appendage        Tmut           10%        N/A       11%         1
 Wereblood                Tmut           5%         N/A       16%         2
 Spider Form              Tmut/Pois      5%         N/A       32%         3
 Stone Arrow              Conj/Erth      10%        3d7       32%         3
 Lehudib's Crystal Spear  Conj/Erth      2%         10d2      100%        8
 Animate Armour           Summ/Erth      Unusable   N/A       N/A         4

Dungeon Overview and Level Annotations

Branches:
Dungeon (7/15)
 Temple: D:4-7

Altars:
Nemelex Xobeh
Qazlal
Yredelemnul
Zin

Shops:
D:6 !

Annotations:
D:5 1 runed translucent door, zeram's ghost, amateur OpBr
D:7 Joseph


Innate Abilities, Weirdness & Mutations

You cannot wear most types of armour.
You are amphibious.
You can wear up to eight rings at the same time.
Your skin changes colour to match your surroundings (Stealth+).
Your rubbery body absorbs attacks. (AC +1, EV +1)
((You are camouflaged when in or above water. (Stealth+)))
You have tentacles for arms and can constrict up to eight enemies at once.


Message History

Joseph shoots a sling bullet.
The sling bullet misses you.
Casting: Summon Guardian Golem (dangerous; 3% risk of failure)
Confirm with . or Enter, or press ? or * to list all spells.
An electric hum fills the air.
Joseph zaps a wand.
The mass of ice explodes!
The iceblast engulfs you!!
The iceblast engulfs your guardian golem.
Your guardian golem partially resists.
The iceblast engulfs your lightning spire.
Your lightning spire partially resists.
Casting: Summon Lightning Spire (dangerous; 14% risk of failure)
Confirm with . or Enter, or press ? or * to list all spells.
Joseph says, "I'm here to kill trespassers.
I like my job."
Joseph shoots a sling bullet.
The sling bullet hits you!
* * * LOW HITPOINT WARNING * * *
Your lightning spire shoots out a bolt of lightning at Joseph!
The bolt of electricity hits Joseph!
What are your orders? t - Shout!
Orders for allies: a - Attack new target. p - Attack previous target. r - Retreat! s - Stop attacking. g - Guard the area. f - Follow me.
Anything else - Cancel.
Gang up on whom?
Press: ? - help, Dir - move target, f/p - Joseph
Aim: Joseph, wielding a +0 sling, wearing a +0 leather armour and carrying a wand of iceblast (6) (moderately wounded, ally target) Attack!
A bullfrog comes into view.
Joseph shoots a sling bullet.
The sling bullet barely misses you. What are your orders? t - Shout!
Orders for allies: a - Attack new target. p - Attack previous target. r - Retreat! s - Stop attacking. g - Guard the area. f - Follow me.
Anything else - Cancel.
Gang up on whom?
Press: ? - help, Dir - move target, f/p - Joseph
Aim: Joseph, wielding a +0 sling, wearing a +0 leather armour and carrying a wand of iceblast (6) (moderately wounded, ally target) Attack!
Joseph zaps a wand.
The mass of ice explodes!
The iceblast engulfs you!!
You die...

........# .......
#.....# # ##.(...##
<# ####.......#..#
..F@9.[........
##.h....$.#
#.........#
#..##@8..### #..
#.##.# # #.# .#
################.##
#
.##..#.(#..#..'...#
..##...##.##.##...#
...##..#..#..#...##
....##...##.##...#
.†...##..#..#...##


You could see Joseph (ally target), a bullfrog, a friendly guardian golem
(summoned), a friendly wolf (summoned, sheltered) and a friendly lightning spire
(summoned, sheltered).

Vanquished Creatures
  Eustachio (D:6)
  A nameless horror (D:7)
  A water moccasin (D:5)
  An ice beast (D:7)
  A sky beast (D:7)
  A black bear (D:5)
  An ogre (D:5)
  2 bullfrogs
  An iguana (D:5)
  An orc wizard (D:4)
  A gnoll (D:6)
  An adder (D:4)
  3 worms
  2 dart slugs
  8 orcs
  An endoplasm (D:3)
  2 goblins (D:3)
  3 hobgoblins
  3 jackals
  3 kobolds (D:3)
  4 ball pythons
  2 bats
  A frilled lizard (D:4)
  A rat (D:3)
46 creatures vanquished.

Vanquished Creatures (collateral kills)
  A water moccasin (D:5)
  3 ice beasts
  A phantom (D:4)
  A scorpion (D:6)
  Dowan (D:6)
  A jelly (D:6)
  2 hounds
  A gnoll bouda (D:6)
  3 iguanas
  2 orc wizards (D:6)
  4 gnolls (D:6)
  5 adders
  A white imp (D:6)
  An ufetubus (D:6)
  A worm (D:4)
  2 dart slugs
  10 orcs
  3 bats
  3 endoplasms
  5 goblins
  6 hobgoblins
  3 jackals (D:4)
  A kobold (D:2)
  3 quokkas
  3 ball pythons
  8 frilled lizards
  A rat (D:3)
76 creatures vanquished.

Vanquished Creatures (others)
  A wraith (D:6)
  Menkaure (D:6)
  Duvessa (D:6)
  A black bear (D:6)
  6 wights (D:6)
  A killer bee (D:7)
  A jelly (D:7)
  7 plants (D:4)
19 creatures vanquished.

Grand Total: 141 creatures vanquished

Notes
Turn   | Place    | Note
-------+----------+-------------------------------------------
     0 | D:1      | croobank the Octopode Summoner began the quest for the Orb.
     0 | D:1      | Reached XP level 1. HP: 11/11 MP: 3/3
   150 | D:1      | Reached XP level 2. HP: 17/18 MP: 0/5
   374 | D:1      | Learned a level 2 spell: Call Imp
  1131 | D:2      | Reached XP level 3. HP: 20/22 MP: 1/6
  1135 | D:2      | Learned a level 3 spell: Call Canine Familiar
  1140 | D:2      | Reached skill level 1 in Fighting
  2407 | D:3      | Found a glowing silver altar of Zin.
  2412 | D:3      | Reached XP level 4. HP: 24/28 MP: 7/7
  2854 | D:3      | You fall into a shaft and drop 3 floors!
  2854 | D:6      | Found a sparkling altar of Nemelex Xobeh.
  2892 | D:6      | Found Ynionudd's Distillery.
  2895 | D:6      | Noticed a wraith
  3040 | D:6      | Noticed Duvessa
  3041 | D:6      | Reached skill level 1 in Hexes
  3041 | D:6      | Reached XP level 5. HP: 23/34 MP: 0/9
  3043 | D:6      | Noticed Dowan
  3063 | D:6      | Killed Dowan
  3063 | D:6      | Killed Duvessa
  3064 | D:6      | Reached XP level 6. HP: 17/39 MP: 1/10
  3264 | D:6      | Learned a level 3 spell: Summon Guardian Golem
  3350 | D:5      | Entered Level 5 of the Dungeon
  3519 | D:5      | Found a basalt altar of Yredelemnul.
  3629 | D:5      | Noticed a water moccasin
  4486 | D:4      | Reached skill level 5 in Stealth
  4486 | D:4      | Reached skill level 5 in Summonings
  4486 | D:4      | Reached XP level 7. HP: 37/45 MP: 11/11
  5714 | D:5      | Found a runed translucent door.
  5987 | D:5      | Identified the +0 robe of the Desolation of Salt {rElec
                  | rN++}
  6045 | D:5      | Reached XP level 8. HP: 53/53 MP: 6/13
  6394 | D:5      | Noticed zeram's ghost (amateur OpBr)
  6401 | D:5      | Learned a level 4 spell: Summon Lightning Spire
  6414 | D:6      | Noticed Eustachio
  6433 | D:6      | Killed Eustachio
  6528 | D:6      | Reached skill level 1 in Air Magic
  6691 | D:6      | Reached skill level 6 in Summonings
  6764 | D:6      | Noticed Menkaure
  6774 | D:6      | Killed Menkaure
  6809 | D:6      | Killed a wraith
  6810 | D:6      | Reached skill level 5 in Dodging
  6810 | D:6      | Reached XP level 9. HP: 13/59 MP: 3/16
  8008 | D:7      | Found a stormy altar of Qazlal.
  8112 | D:7      | Reached skill level 5 in Spellcasting
  8327 | D:7      | Reached skill level 5 in Fighting
  8749 | D:7      | Noticed Joseph
  8758 | D:7      | Killed from afar by Joseph

Illustrated notes

Levels and vault maps discovered:
D:1:      saegor_arrival_simple_c, layout_basic
D:2:      layout_basic
D:3:      layout_loops_ring, amcnicky_altar_gilded, minmay_goblin_kobold_house
D:4:      layout_gridville, minmay_lizard_king
D:5:      layout_gridville, lemuel_crystal_altar, ebering_ghost_reflecting_pool
D:6:      layout_basic, nemelex_altar_shiori, serial_shops,
          nicolae_shop_waterfront, uniq_menkaure, uniq_eustachio, uniq_duvessa
D:7:      minmay_razor_zed, layout_rooms, mainiacjoe_overflow_small_starburst,
          minmay_temple_entry_overgrown, enter_bailey_3, chequers_garden,
          uniq_joseph

Skill      XL: |  1  2  3  4  5  6  7  8  9 |
---------------+----------------------------+-----
Stealth        | 3 4 5 |  5.0
Fighting       | 1 2 3 4 5 |  5.1
Hexes          | 1 2 3 4 |  4.8
Dodging        | 3 4 5 |  5.6
Spellcasting   | 3 4 5 |  5.2
Summonings     | 5 6 |  6.7
Air Magic      | 1 3 |  3.1

Action                   |  1- 3 |  4- 6 |  7- 9 || total
-------------------------+-------+-------+-------++-------
Melee: Dagger            |    16 |       |    22 ||    38
       Tentacles         |     5 |     5 |    16 ||    26
       Constrict         |    11 |     9 |    15 ||    35
       Hand axe          |    20 |    30 |    45 ||    95
       Punch             |       |     1 |     4 ||     5
Throw: Dart              |       |     2 |     3 ||     5
 Cast: Summon Small Mamm |    27 |    10 |    41 ||    78
       Call Imp          |     5 |     7 |    12 ||    24
       Call Canine Famil |     1 |    10 |    34 ||    45
       Summon Guardian G |       |     3 |    15 ||    18
       Summon Lightning  |       |       |     2 ||     2
Evoke: Wand              |       |       |     3 ||     3
  Use: Scroll            |    10 |     2 |       ||    12
       Potion            |       |    12 |       ||    12
 Stab: Sleeping          |     3 |     2 |     4 ||     9
       Distracted        |     1 |       |     2 ||     3
Armor: Skin              |     5 |    36 |     4 ||    45
Dodge: Dodged            |    32 |    31 |    85 ||   148
